 Dungeon Crawl Stone Soup version 0.25.0-11-g1f837a76a1 (webtiles) character file.

Game seed: 6237620004667556078

51 xccam the Cutter (level 3, -5/21 HPs)
             Began as a Tengu Assassin on June 25, 2020.
             Slain by a goblin
             ... wielding a +1 dagger of electrocution
              (17 damage)
             ... on level 2 of the Dungeon.
             The game lasted 00:02:56 (1257 turns).

xccam the Cutter (Tengu Assassin)                   Turns: 1257, Time: 00:02:56

Health: -5/21      AC:  3    Str: 11    XL:     3   Next: 83%
Magic:  13/13      EV: 12    Int: 12    God:
Gold:   25         SH:  0    Dex: 15    Spells: 2/2 levels left

rFire    . . .     SeeInvis +   a - +2 dagger
rCold    . . .     Gourm    .   (no shield)
rNeg     . . .     Faith    .   b - +0 robe
rPois    .         Spirit   .   (helmet restricted)
rElec    .         Reflect  .   c - +0 cloak
rCorr    .         Harm     .   (no gloves)
MR       .....                  (boots unavailable)
Stlth    +++.......             (no amulet)
HPRegen  0.07/turn              m - ring of magical power
MPRegen  0.13/turn              r - ring of see invisible

@: no status effects
A: beak, talons 3
a: no special abilities


You were on level 2 of the Dungeon.
You were not hungry.

You visited 1 branch of the dungeon, and saw 2 of its levels.

You collected 25 gold pieces.

Inventory:

Hand Weapons
 a - a +2 dagger (weapon)
Missiles
 d - 7 poisoned darts (quivered)
 e - 2 curare-tipped darts
Armour
 b - a +0 robe (worn)
 c - a +0 cloak (worn)
Jewellery
 m - a ring of magical power (left hand)
 r - a ring of see invisible (right hand)
Scrolls
 i - 3 scrolls of identify {unknown}
 j - a scroll of fog {unknown}
 k - 3 scrolls of remove curse {unknown}
 o - a scroll of magic mapping {unknown}
 p - a scroll of enchant weapon {unknown}
 s - a scroll of immolation {unknown}
Potions
 g - a potion of ambrosia {unknown}
 l - a potion of resistance {unknown}
 n - a potion of heal wounds {unknown}
 q - a potion of haste {unknown}
 t - a potion of curing {unknown}
Comestibles
 f - 5 rations
 h - 3 chunks of flesh


   Skills:
 - Level 2.0 Fighting
 + Level 4.4 Short Blades
 - Level 2.0 Throwing
 - Level 1.1 Dodging
 - Level 4.0 Stealth


You had 2 spell levels left.
You didn't know any spells.
Your spell library was empty.

Dungeon Overview and Level Annotations

Branches:
Dungeon (2/15)

Altars:
Hepliaklqana


Innate Abilities, Weirdness & Mutations

You have a beak for a mouth.
You have claws for feet.


Message History

The worm is almost dead.
You hit the worm.
You kill the worm!
You see here a worm corpse.
You butcher the worm corpse.
h - 3 chunks of flesh (gained 1)
d - 2 poisoned darts (gained 1)
d - 3 poisoned darts (gained 1)
You see here 20 bolts.
d - 4 poisoned darts (gained 1)
d - 6 poisoned darts (gained 2)
d - 7 poisoned darts (gained 1)
A goblin comes into view.
It is wielding a +1 dagger of electrocution.
Found a stone staircase leading down.
You see here a scroll labeled CAITUL TIOVORI.
The goblin shouts!
The goblin hits you with a +1 dagger of electrocution.
You are electrocuted!
Ouch! That really hurt!
You die...

#.###.....#####.##.#
#.......#....##.#######
#.......(.#..##>.......
#............##########
##.......#.###
##.[.<.##.# ##.?.###.#
###.####.# #...@.##.#
........g##.#
..........##.#
....>.....##.#
...#.........#
...#.######### #. .# .#


You could see a goblin.

Vanquished Creatures
  An adder (D:2)
  An ooze (D:1)
  3 worms (D:2)
  A dart slug (D:1)
  A leopard gecko (D:1)
  A giant cockroach (D:1)
  2 goblins (D:1)
  3 hobgoblins (D:1)
  5 kobolds
  A quokka (D:2)
  2 bats (D:1)
  3 frilled lizards (D:1)
  7 rats
31 creatures vanquished.

Notes
Turn   | Place    | Note
-------+----------+-------------------------------------------
     0 | D:1      | xccam the Tengu Assassin began the quest for the Orb.
     0 | D:1      | Reached XP level 1. HP: 12/12 MP: 2/2
    80 | D:1      | Reached XP level 2. HP: 14/17 MP: 3/3
   634 | D:1      | Reached XP level 3. HP: 21/21 MP: 4/4
  1040 | D:2      | Found a hazy altar of Hepliaklqana.
  1053 | D:2      | HP: 1/21 [worm (7)]
  1257 | D:2      | Slain by a goblin

Illustrated notes

Levels and vault maps discovered:
D:1:      psy_arrival_statuary, layout_basic, serial_co_window_serial,
          co_window_paths_a, co_window_of_opportunity_a, co_window_paths_a,
          co_window_paths_a, co_window_of_opportunity_a, co_window_corner_a,
          co_window_of_opportunity_c, co_window_2corner, co_window_broadway_a,
          co_window_unsneaky_path_d, co_window_corner_b, glass_columns_c,
          glass_columns_a
D:2:      kennysheep_the_goblin_king, layout_loops_ring, old_standard_altar

Skill      XL: |  1  2  3 |
---------------+----------+-----
Short Blades   | 3 4 |  4.4
Fighting       | |  2.0
Throwing       | |  2.0
Dodging        | |  1.1
Stealth        | |  4.0

Action                   || total
-------------------------++-------
Melee: Dagger            ||    60
       Kick              ||    16
       Peck              ||     6
Throw: Dart              ||    18
 Stab: Sleeping          ||     2
  Eat: Chunk             ||     1
Armor: Robe              ||     7
Dodge: Dodged            ||    27
